 Dungeon Crawl Stone Soup version 0.30-a0-862-g1aabd4f9c5 (webtiles) character file.

Game seed: 3767723183894344837

454 qeuew the Gusty (level 6, -4/32 HPs)
             Began as a Deep Elf Air Elementalist on Mar 9, 2023.
             Slain by a worm (7 damage)
             ... on level 5 of the Dungeon.
             The game lasted 00:05:18 (4068 turns).

qeuew the Gusty (Deep Elf Air Elementalist)         Turns: 4068, Time: 00:05:19

Health: -4/32      AC:  2    Str:  5    XL:     6   Next: 76%
Magic:  12/14      EV: 13    Int: 22    God:
Gold:   258        SH:  0    Dex: 15    Spells: 1/13 levels left

rFire   . . .      SeeInvis .    h - +1 rapier (speed)
rCold   . . .      Faith    .    (no shield)
rNeg    . . .      Spirit   .    a - +0 robe
rPois   .          Reflect  .    (no helmet)
rElec   .          Rampage  .    (no cloak)
rCorr   .                        (no gloves)
Will    .....                    (no boots)
Stlth   ++                       f - amulet of magic regeneration
HPRegen 0.25/turn                (no ring)
MPRegen 0.54/turn                (no ring)

@: no status effects
A: no striking features
a: no special abilities


You were on level 5 of the Dungeon.
You visited 1 branch of the dungeon, and saw 5 of its levels.

You collected 258 gold pieces.

Inventory:

Hand Weapons
 h - a +1 rapier of speed (weapon)
Missiles
 g - a throwing net
Armour
 a - a +0 robe (worn)
Jewellery
 f - an amulet of magic regeneration (around neck)
Scrolls
 k - a scroll of teleportation
 l - a scroll of fog
 m - a scroll of summoning
Potions
 b - a potion of magic
 c - 2 potions of curing
 e - a potion of cancellation
 j - a potion of might


   Skills:
 + Level 2.3 Short Blades
 + Level 1.7 Armour
 + Level 3.8 Dodging
 - Level 2.4 Stealth
 + Level 4.4 Spellcasting
 + Level 2.8 Conjurations
 + Level 1.1 Summonings
 * Level 4.9 Air Magic


You had one spell level left.
You knew the following spells:

 Your Spells              Type           Power      Damage    Failure   Level
a - Shock                 Conj/Air       84%        1d8       2%          1
b - Static Discharge      Conj/Air       42%        2-4/arc   3%          2
c - Summon Lightning Spi  Summ/Air       18%        N/A       30%         4
d - Lightning Bolt        Conj/Air       10%        1d23      52%         5

Your spell library contained the following spells:

 Spells                   Type           Power      Damage    Failure   Level
 Summon Small Mammal      Summ           36%        N/A       7%          1
 Apportation              Tloc           8%         N/A       11%         1
 Necrotise                Necr           16%        1d4       11%         1
 Swiftness                Air            26%        N/A       4%          3
 Airstrike                Air            13%        2d(2-18)  14%         4
 Ensorcelled Hibernation  Hex/Ice        8%         N/A       16%         2
 Passwall                 Tmut/Erth      3%         N/A       16%         2


Dungeon Overview and Level Annotations

Branches:
Dungeon (5/15)
 Temple: D:4-7

Altars:

Shops:
D:1 [

Annotations:
D:2 1 runed translucent door, Crazy Yiuf


Message History

The kobold shouts!
Found a smoky yellow potion.
The kobold brigand shouts!
The kobold shouts!
The kobold hits you with a +0 club.
* * * LOW HITPOINT WARNING * * *
You feel better. The kobold hits you but does no damage.
Casting: Shock (safe; 2% risk of failure)
Confirm with . or Enter, or press ? or * to list all spells.
The kobold brigand is struck by an arc of lightning.
The kobold brigand is lightly wounded.
You are struck by an arc of lightning.
* * * LOW HITPOINT WARNING * * *
The kobold brigand is struck by an arc of lightning.
The kobold brigand is lightly wounded.
The lightning grounds out.
The worm is struck by an arc of lightning.
The worm is lightly wounded.
You are struck by an arc of lightning.
* * * LOW HITPOINT WARNING * * *
The kobold brigand is struck by an arc of lightning.
The kobold brigand is moderately wounded.
The kobold is struck by an arc of lightning.
You kill the kobold!
The lightning grounds out.
The kobold shouts!
You hear the slow rusting of a drain very nearby.
Casting: Static Discharge (safe; 3% risk of failure)
Confirm with . or Enter, or press ? or * to list all spells.
Okay, then.
Aiming: Shock (safe; 2% risk of failure)
Press: ? - help, Q - select action, (/) - cycle Shift-Dir - straight line, f - kobold
Aim: a kobold, wielding a +0 club (67% to hit)
The zap hits the kobold brigand.
The kobold brigand is heavily wounded.
The zap hits the kobold.
You kill the kobold!
The kobold brigand hits you with a +0 dagger.
* * * LOW HITPOINT WARNING * * *
The worm bites you!
You die...

#.,~~~~~~~∩~* #.*****#####**
#.* *,.....,*
#.#####...#*******
##...!.....##**,,,**
#...........+,,,,,,*
#....[......#,,,,,,*
#.....)wK...#,,,,,,*
#.....@K)...#,,,,,,*
########...##...!##,,,,,*****
##...#..###)#*#####*,,,,,**,,,
#:..??......#,,,,,*,,,,,,,,,,<
#...........#,,,,,*,,,,,,,,,,,
#...........#,,,,,*,,,,,,,,,,,
##...........+,,,,,+,,,,,,,,,,>
#.....####...#***+***,,**,**,**
####..####...#*,,,*******,*****


You could see a kobold brigand, a worm and a kobold.

Vanquished Creatures
  An ice beast (D:5)
  A phantom (D:3)
  An orc priest (D:3)
  3 iguanas
  An orc wizard (D:3)
  An adder (D:3)
  4 worms
  6 dart slugs
  9 orcs
  11 endoplasms
  3 giant cockroaches
  12 goblins
  10 hobgoblins
  6 jackals
  8 kobolds
  8 quokkas
  8 ball pythons
  6 bats
  5 frilled lizards
  3 rats
107 creatures vanquished.

Notes
Turn   | Place    | Note
-------+----------+-------------------------------------------
     0 | D:1      | qeuew the Deep Elf Air Elementalist began the quest for the
                  | Orb.
     0 | D:1      | Reached XP level 1. HP: 10/10 MP: 6/6
   266 | D:1      | Found Fed Feck's Armour Shop.
   277 | D:1      | Reached XP level 2. HP: 15/15 MP: 0/8
   677 | D:1      | Reached XP level 3. HP: 8/19 MP: 1/9
   953 | D:1      | Learned a level 2 spell: Static Discharge
  1465 | D:2      | Reached XP level 4. HP: 24/24 MP: 7/11
  2008 | D:2      | Found a runed translucent door.
  2009 | D:2      | Noticed Crazy Yiuf
  2246 | D:3      | Reached skill level 1 in Short Blades
  2508 | D:3      | Reached skill level 1 in Armour
  2692 | D:3      | Reached XP level 5. HP: 28/28 MP: 4/12
  2954 | D:3      | Noticed a phantom
  2966 | D:3      | Killed a phantom
  3145 | D:3      | Learned a level 4 spell: Summon Lightning Spire
  3151 | D:3      | Learned a level 5 spell: Lightning Bolt
  3252 | D:4      | Reached XP level 6. HP: 18/32 MP: 6/14
  4016 | D:5      | Entered Level 5 of the Dungeon
  4016 | D:5      | Noticed an ice beast
  4025 | D:5      | Killed an ice beast
  4036 | D:5      | Reached skill level 1 in Summonings
  4068 | D:5      | Slain by a worm

Illustrated notes

Levels and vault maps discovered:
D:1:      dpeg_arrival_water_temple_mockup, layout_rooms, serial_shops,
          nicolae_shop_behind_doors
D:2:      layout_loops_cross, minmay_joined_circles, uniq_crazy_yiuf_cottage
D:3:      layout_rooms, minmay_misc_feat_nine_boxes, minmay_checkerbox
D:4:      layout_cave_pools, amethyst_killhole
D:5:      layout_gridville, portal_sewer_entry_d

Skill      XL: |  1  2  3  4  5  6 |
---------------+-------------------+-----
Dodging        | 3 |  3.8
Short Blades   | 1 2 |  2.3
Conjurations   | 2 |  2.8
Armour         | 1 |  1.7
Air Magic      | 4 |  4.9
Spellcasting   | 4 |  4.4
Summonings     | 1 |  1.1
Stealth        | |  2.4

Action                     |  1- 3 |  4- 6 || total
---------------------------+-------+-------++-------
  Melee: Dagger            |    63 |     8 ||    71
         Punch             |     1 |       ||     1
         Rapier            |       |     4 ||     4
   Cast: Shock             |    72 |   143 ||   215
         Static Discharge  |     6 |     1 ||     7
    Use: Scroll            |     3 |     6 ||     9
         Potion            |     1 |     6 ||     7
 Armour: Robe              |    10 |     1 ||    11
  Dodge: Dodged            |    52 |    14 ||    66

Table legend: (Time is in decaauts)
 A = Elapsed time spent in this place.
 B = Non-inter-level travel time spent in this place.
 C = Inter-level travel time spent in this place.
 D = Time resting spent in this place.
 E = Time spent auto-exploring this place.
 F = Levels seen in this place.
 G = Mean time per level.
                   A        B        C        D        E       F      G
               +--------+--------+--------+--------+--------+-----+--------+
         Total |   4072 |   3969 |    103 |     32 |   3419 |   5 |  814.4 |
       Dungeon |   4072 |   3969 |    103 |     32 |   3419 |   5 |  814.4 |
               +--------+--------+--------+--------+--------+-----+--------+

Top non-repeatable levels by time:
     D:2: 1209 daAuts
     D:3: 1033 daAuts
     D:1: 977 daAuts
     D:4: 802 daAuts
     D:5: 50 daAuts
